 Dungeon Crawl Stone Soup version 0.30-a0-161-gdd60e06945 (webtiles) character file.

Game seed: 5168139976519217321

578 qw the Chopper (level 7, -2/43 HPs)
             Began as a Gargoyle Fighter on Sept 27, 2022.
             Slain by a gnoll
             ... wielding a +0 spear
             ... led by a gnoll sergeant
              (3 damage)
             ... on level 4 of the Dungeon.
             The game lasted 00:01:41 (5016 turns).

qw the Chopper (Gargoyle Fighter)                   Turns: 5016, Time: 00:01:42

Health: -2/43      AC: 12    Str: 22    XL:     7   Next: 36%
Magic:  7/7        EV:  9    Int:  8    God:
Gold:   244        SH:  4    Dex:  9    Spells: 6/6 levels left

rFire   . . .      SeeInvis .    Y - +0 war axe (vorpal)
rCold   . . .      Faith    .    c - +0 buckler
rNeg    + . .      Spirit   .    b - +0 scale mail
rPois   inf        Reflect  .    (no helmet)
rElec   +          Harm     .    (no cloak)
rCorr   .          Rampage  .    j - +0 pair of gloves
Will    .....                    (no boots)
Stlth   ..........               (no amulet)
HPRegen 0.14/turn                (no ring)
MPRegen 0.10/turn                (no ring)

@: about to teleport
A: sickness immunity, AC +4, negative energy resistance 1, electricity
resistance, torment resistance 1, petrification resistance
a: no special abilities


You were on level 4 of the Dungeon.
You visited 2 branches of the dungeon, and saw 5 of its levels.

You collected 244 gold pieces.


Innate Abilities, Weirdness & Mutations

You are immune to sickness and miasma.
Your stone body is resilient. (AC +4)
You are immune to poison.
You resist negative energy. (rN+)
You are resistant to electric shocks. (rElec)
You are resistant to unholy torment.
You are immune to petrification.


   Skills:
 - Level 4.0 Fighting
 + Level 6.1 Axes
 - Level 2.4 Throwing
 - Level 3.2 Armour
 - Level 1.0 Dodging
 - Level 3.2 Shields


You had 6 spell levels left.
You didn't know any spells.
Your spell library was empty.

Inventory:

Hand Weapons
 o - a +0 flail
 Y - a +0 vorpal war axe (weapon)
Armour
 b - a +0 scale mail (worn)
 c - a +0 buckler (worn)
 j - a +0 pair of gloves (worn)
Scrolls
 a - a scroll of identify
Potions
 d - a potion of might
 h - 2 potions of curing
 l - a potion of lignification {unknown}
 n - a potion of ambrosia {unknown}

Dungeon Overview and Level Annotations

Branches:
Dungeon (4/15)             Temple (1/1) D:4

Altars:
Ashenzari
Cheibriados
Dithmenos
Elyvilon
Gozag
Hepliaklqana
Kikubaaqudgha
Makhleb
Nemelex Xobeh
Qazlal
Ru
Sif Muna
Trog
Uskayaw
Vehumet
Wu Jian
Xom
Yredelemnul
Zin
The Shining One

Shops:
D:3 (


Message History

The gnoll sergeant hits you with a +0 spear.
You barely miss the gnoll sergeant.
The gnoll sergeant is almost dead.
The gnoll hits you from afar with a +0 spear.
The gnoll barely misses you. The gnoll sergeant closely misses you.
The gnoll barely misses you.
The gnoll hits you from afar with a +0 halberd!
The gnoll sergeant barely misses you.
You closely miss the gnoll sergeant.
The gnoll sergeant is almost dead.
The gnoll barely misses you. The gnoll hits you but does no damage.
You block the gnoll sergeant's attack.
You barely miss the gnoll sergeant.
The gnoll sergeant is almost dead.
The gnoll hits you from afar with a +0 spear.
You block the gnoll's attack. You block the gnoll sergeant's attack.
You barely miss the gnoll sergeant.
The gnoll sergeant is almost dead.
The gnoll hits you but does no damage. x2
The gnoll sergeant hits you but does no damage.
You hit the gnoll sergeant.
You kill the gnoll sergeant!
The gnoll hits you but does no damage. The gnoll barely misses you.
Your Axes skill increases to level 6!
You block the gnoll's attack. The gnoll closely misses you.
You see here a +0 flail.
You hit the gnoll.
The gnoll is heavily wounded.
You hit the gnoll. The gnoll hits you but does no damage. The gnoll misses you.
The gnoll hits you with a +0 halberd. The gnoll hits you but does no damage.
5015 ||| READING scroll of teleportation.
As you read the scroll of teleportation, it crumbles to dust.
You feel strangely unstable. The gnoll closely misses you.
The gnoll hits you with a +0 halberd!
You closely miss the gnoll.
The gnoll is heavily wounded.
You hit the gnoll. The gnoll hits you with a +0 spear.
You die...

..# #.# #.# ###.## ....#
### #..# ##.######
#..######........
.###.###............####
....(.g@)#######...##
####..g.## ##.## ####.#
#.# #.# #.# #.# ##'####
#.# #.....# #.# #####.#
#.# #.# ###.###


You could see 2 gnolls.

Vanquished Creatures
  A black bear (D:4)
  A kobold brigand (D:3)
  A gnoll sergeant (D:4)
  20 gnolls
  4 adders
  A worm (D:2)
  3 dart slugs
  An orc (D:3)
  8 endoplasms
  3 giant cockroaches
  6 goblins
  16 hobgoblins
  2 jackals (D:2)
  2 quokkas (D:1)
  9 ball pythons
  5 bats
  3 frilled lizards
  47 kobolds
  7 rats
140 creatures vanquished.

Vanquished Creatures (others)
  7 plants (D:1)
7 creatures vanquished.

Grand Total: 147 creatures vanquished

Notes
Turn   | Place    | Note
-------+----------+-------------------------------------------
     0 | D:1      | qw the Gargoyle Fighter began the quest for the Orb.
     0 | D:1      | Reached XP level 1. HP: 14/14 MP: 1/1
     0 | D:1      | 0 ||| qw: Version: 0.2-a-10-g37ed214
     0 | D:1      | 0 ||| qw: Game counter: 639
     0 | D:1      | 0 ||| qw: Always use a shield: true
     0 | D:1      | 0 ||| qw: God list: Okawaru
     0 | D:1      | 0 ||| qw: Allow faded altars: false
     0 | D:1      | 0 ||| qw: Do Orc after D:15 true
     0 | D:1      | 0 ||| qw: Do second Lair branch before Depths: true
     0 | D:1      | 0 ||| qw: Lair rune preference: random
     0 | D:1      | 0 ||| qw: Plans: Normal, Zot:1-4, God:TSO, Crypt, Tomb,
                  | Pan, Slime:5, Hells, Abyss, Orb
     0 | D:1      | 0 ||| PLANNING D:1-11
    46 | D:1      | Reached skill level 2 in Axes
   165 | D:1      | Reached XP level 2. HP: 19/19 MP: 2/2
   319 | D:1      | 319 ||| Stepping ~*~*~tactically~*~*~ (hiding).
   640 | D:1      | Reached skill level 3 in Axes
   653 | D:1      | 653 ||| Stepping ~*~*~tactically~*~*~ (stealth).
   658 | D:1      | Reached XP level 3. HP: 18/23 MP: 3/3
   660 | D:1      | 660 ||| Stepping ~*~*~tactically~*~*~ (stealth).
  1049 | D:1      | Found a faded altar of an unknown god.
  1166 | D:1      | 1166 ||| UPGRADING to +0 pair of gloves.
  1171 | D:1      | 1171 ||| READING scroll labelled JOSIMPURPHEMN.
  1172 | D:1      | 1172 ||| READING scroll labelled JEJUPU DOETZ.
  1175 | D:1      | 1175 ||| READING scroll labelled IFEIK WIHODWU.
  1176 | D:1      | 1176 ||| READING scroll labelled RAQOTEI NUST.
  1352 | D:2      | Reached XP level 4. HP: 28/28 MP: 4/4
  1525 | D:2      | Reached skill level 4 in Axes
  2260 | D:2      | 2260 ||| Stepping ~*~*~tactically~*~*~ (stealth).
  2288 | D:2      | 2288 ||| READING scroll labelled KAIBIOV BATYUS.
  2289 | D:2      | 2289 ||| READING scroll labelled XEOXUVED GAHA.
  2568 | D:3      | Found Bocazila's Antique Weapon Shop.
  2591 | D:3      | 2591 ||| SHOPLISTING glowing broad axe (168 gold, have
                  | 113).
  2762 | D:3      | 2762 ||| FLEEEEING.
  2763 | D:3      | 2763 ||| FLEEEEING.
  2764 | D:3      | 2764 ||| FLEEEEING.
  2765 | D:3      | 2765 ||| FLEEEEING.
  2766 | D:3      | 2766 ||| FLEEEEING.
  2767 | D:3      | 2767 ||| FLEEEEING.
  2768 | D:3      | 2768 ||| FLEEEEING.
  2769 | D:3      | 2769 ||| FLEEEEING.
  2770 | D:3      | 2770 ||| FLEEEEING.
  2771 | D:3      | 2771 ||| FLEEEEING.
  2772 | D:3      | 2772 ||| FLEEEEING.
  2773 | D:3      | 2773 ||| FLEEEEING.
  2774 | D:3      | 2774 ||| FLEEEEING.
  3021 | D:3      | 3021 ||| Stepping ~*~*~tactically~*~*~ (stealth).
  3023 | D:3      | 3023 ||| Stepping ~*~*~tactically~*~*~ (stealth).
  3034 | D:3      | Reached XP level 5. HP: 26/32 MP: 5/5
  3164 | D:3      | Noticed a kobold brigand
  3173 | D:3      | Killed a kobold brigand
  3197 | D:3      | Reached XP level 6. HP: 34/37 MP: 6/6
  3218 | D:3      | Reached skill level 5 in Axes
  3357 | D:3      | 3357 ||| DROPPING +0 mace.
  3673 | D:3      | Reached skill level 1 in Dodging
  3874 | D:3      | 3874 ||| DROPPING ring of magical power.
  3875 | D:3      | 3875 ||| READING scroll labelled JOMNE ZEYNOXU.
  3976 | D:3      | 3976 ||| READING scroll labelled SOCUNG TIORYE.
  3977 | D:3      | 3977 ||| DRINKING 2 bubbling purple potions.
  3978 | D:3      | 3978 ||| READING 2 scrolls of identify.
  3978 | D:3      | 3978 ||| IDENTIFYING murky amethyst potion
  3979 | D:3      | 3979 ||| DROPPING potion of degeneration.
  4287 | D:4      | Noticed a black bear
  4297 | D:4      | Killed a black bear
  4298 | D:4      | Reached XP level 7. HP: 30/43 MP: 7/7
  4525 | D:4      | Found a staircase to the Ecumenical Temple.
  4526 | D:4      | 4526 ||| PLANNING TEMPLE
  4526 | D:4      | 4526 ||| READING scroll labelled QIYB GOFUANA.
  4531 | Temple   | Entered the Ecumenical Temple
  4922 | Temple   | 4922 ||| PLANNING D:1-11
  4995 | D:4      | 4995 ||| Stepping ~*~*~tactically~*~*~ (hiding).
  4999 | D:4      | 4999 ||| Stepping ~*~*~tactically~*~*~ (stealth).
  5013 | D:4      | Reached skill level 6 in Axes
  5014 | D:4      | HP: 7/43 [gnoll/+0 halberd[a gnoll sergeant] (5)]
  5015 | D:4      | 5015 ||| READING scroll of teleportation.
  5015 | D:4      | HP: 1/43 [gnoll/+0 halberd[a gnoll sergeant] (7)]
  5016 | D:4      | Slain by a gnoll

Levels and vault maps discovered:
D:1:      lightli_arrival_lavapool, layout_basic,
          hellmonk_ecumenical_altar_slurped_away, serial_bayou,
          serial_bayou_pond_c, serial_bayou_pond_b, serial_bayou_shore_b,
          serial_bayou_pond_c, st_stairs_14, grunt_decor_cap
D:2:      layout_loops_corners
D:3:      minmay_goblin_kobold_castle, layout_basic, serial_shops,
          nicolae_shop_crystal
D:4:      layout_loops_corners, temple_doors_e
Temple:   mainiacjoe_temple_big_plus

Skill      XL: |  1  2  3  4  5  6  7 |
---------------+----------------------+-----
Axes           | 2 3 4 5 6 |  6.1
Throwing       | 2 |  2.4
Fighting       | 4 |  4.0
Dodging        | 1 |  1.0
Armour         | |  3.2
Shields        | |  3.2

Action                   |  1- 3 |  4- 6 |  7- 9 || total
-------------------------+-------+-------+-------++-------
Melee: War axe           |    93 |   189 |    22 ||   304
Throw: Javelin           |       |    16 |     2 ||    18
  Use: Scroll            |     4 |     5 |     2 ||    11
       Potion            |       |     1 |       ||     1
Armor: Scale mail        |    43 |    97 |    15 ||   155
Dodge: Dodged            |    32 |    75 |    17 ||   124
Block: Buckler           |    11 |    36 |     6 ||    53

Table legend:
 A = Non-vault XP
 B = Vault XP
 C = Vault XP percentage of total XP
 D = Non-vault monster count
 E = Vault monster count
 F = Vault count percentage of total count
                 A         B        C        D         E       F
            +---------+---------+-------+---------+---------+-------
      Total |     461 |     366 |  44.3 |      78 |      62 |  44.3
            +---------+---------+-------+---------+---------+-------
        D:1 |      46 |       6 |  11.5 |      27 |       4 |  12.9
        D:2 |      82 |       0 |   0.0 |      26 |       0 |   0.0
        D:3 |      27 |     360 |  93.0 |      12 |      58 |  82.9
        D:4 |     306 |       0 |   0.0 |      13 |       0 |   0.0
            +---------+---------+-------+---------+---------+-------
